2970 views
Uploaded 2020-04-17 13:11:20
Game version 1.32.3
14:28 long 2on2 ladder game on (4)CentaurGrove
Saved by zebroni
2970 views
Uploaded 2020-04-17 13:11:20
Game version 1.32.3
14:28 long 2on2 ladder game on (4)CentaurGrove
47 units @ 6.8k
/ 1k
24 buildings @ 4k
/ 1.4k


| Healing Salve | 5 | 500 |
| Lesser Clarity Potion | 2 | 140 |
| Scroll of Speed | 2 | 100 |
| Dust of Appearance | 1 | 75 |
| Scroll of Town Portal | 1 | 350 |
| total: | 11 | 1165g |
| Peon | 7 | 525 | / | 0 |
| Grunt | 6 | 1200 | / | 0 |
| Raider | 4 | 720 | / | 160 |
| Spirit Walker | 3 | 585 | / | 105 |
| Kodo Beast | 1 | 255 | / | 60 |
| Razormane Medicine Man | 1 | 350 | / | 60 |
| total: | 22 | 3635g | / | 385w |
| Altar of Storms | 1 | 180 | / | 50 |
| Orc Burrow | 5 | 800 | / | 200 |
| Barracks | 1 | 180 | / | 50 |
| Voodoo Lounge | 1 | 130 | / | 30 |
| War Mill | 1 | 205 | / | 0 |
| Beastiary | 1 | 145 | / | 140 |
| Tauren Totem | 1 | 135 | / | 155 |
| Stronghold | 1 | 315 | / | 190 |
| total: | 11 | 1775g | / | 625w |
| 0:01 | Peon |
| 0:01 | Peon |
| 0:06 | Altar of Storms |
| 0:18 | Orc Burrow |
| 0:20 | Peon |
| 0:35 | Barracks |
| 0:44 | Peon |
| 0:53 | Peon |
| 1:13 | Peon |
| 1:30 | Orc Burrow |
| 1:35 | Grunt |
| 1:43 | Peon |
| 2:02 | Voodoo Lounge |
| 2:08 | Wind Walk |
| 2:49 | Stronghold |
| 2:50 | Grunt |
| 3:06 | Orc Burrow |
| 3:30 | Grunt |
| 4:20 | Grunt |
| 5:04 | Healing Salve |
| 5:04 | Lesser Clarity Potion |
| 5:05 | Scroll of Speed |
| 5:14 | Beastiary |
| 5:24 | Tauren Totem |
| 5:32 | Berserker Strength |
| 5:40 | Orc Burrow |
| 5:52 | Healing Salve |
| 5:54 | Lesser Clarity Potion |
| 6:22 | Healing Salve |
| 6:22 | Scroll of Speed |
| 6:31 | Hex |
| 6:34 | Raider |
| 6:36 | Ensnare |
| 6:57 | Spirit Walker |
| 7:04 | Dust of Appearance |
| 7:41 | Spirit Walker |
| 7:43 | Raider |
| 7:46 | Critical Strike |
| 8:18 | War Mill |
| 8:20 | Spirit Walker Adept Training |
| 8:20 | Raider |
| 8:26 | Healing Wave |
| 9:54 | Healing Salve |
| 9:56 | Raider |
| 9:56 | Spirit Walker |
| 9:58 | Grunt |
| 10:02 | Healing Salve |
| 10:29 | Scroll of Town Portal |
| 11:06 | Orc Burrow |
| 11:50 | Critical Strike |
| 12:11 | Kodo Beast |
| 12:12 | Grunt |
| 12:33 | Razormane Medicine Man |
| 12:41 | Healing Wave |


| Staff of Preservation | 1 | 150 |
| Lesser Clarity Potion | 1 | 70 |
| Scroll of Town Portal | 1 | 350 |
| total: | 3 | 570g |
| Wisp | 13 | 780 | / | 0 |
| Huntress | 5 | 975 | / | 100 |
| Dryad | 5 | 725 | / | 300 |
| Mountain Giant | 2 | 700 | / | 200 |
| total: | 25 | 3180g | / | 600w |
| Altar of Elders | 1 | 180 | / | 50 |
| Moon Well | 7 | 1260 | / | 280 |
| Ancient of War | 1 | 150 | / | 60 |
| Hunter's Hall | 1 | 210 | / | 100 |
| Ancient of Wonders | 1 | 90 | / | 30 |
| Ancient of Lore | 2 | 310 | / | 290 |
| Tree of Ages | 1 | 320 | / | 180 |
| Tree of Eternity | 1 | 330 | / | 200 |
| total: | 13 | 2200g | / | 810w |
| 0:03 | Wisp |
| 0:03 | Wisp |
| 0:08 | Altar of Elders |
| 0:18 | Moon Well |
| 0:30 | Wisp |
| 0:30 | Wisp |
| 0:41 | Wisp |
| 0:41 | Wisp |
| 0:58 | Wisp |
| 0:58 | Wisp |
| 1:16 | Wisp |
| 1:16 | Wisp |
| 1:42 | Wisp |
| 1:43 | Wisp |
| 1:56 | Ancient of War |
| 2:02 | Hunter's Hall |
| 2:11 | Moon Well |
| 2:17 | Entangling Roots |
| 2:51 | Moon Well |
| 3:10 | Ultravision |
| 3:35 | Tree of Ages |
| 3:39 | Moon Well |
| 3:43 | Huntress |
| 3:47 | Ancient of Wonders |
| 4:10 | Huntress |
| 4:39 | Huntress |
| 4:53 | Huntress |
| 5:37 | Huntress |
| 5:54 | Moon Well |
| 6:15 | Force of Nature |
| 6:23 | Wisp |
| 6:25 | Ancient of Lore |
| 6:59 | Ancient of Lore |
| 7:23 | Scout |
| 7:28 | Scroll of Town Portal |
| 7:28 | Staff of Preservation |
| 7:31 | Lesser Clarity Potion |
| 7:55 | Dryad |
| 8:04 | Abolish Magic |
| 8:04 | Dryad |
| 8:20 | Moon Well |
| 8:39 | Dryad |
| 9:11 | Dryad |
| 9:28 | Dryad |
| 10:16 | Tree of Eternity |
| 11:14 | Trueshot Aura |
| 11:17 | Mountain Giant |
| 12:10 | Force of Nature |
| 12:27 | Moon Well |
| 13:34 | Hardened Skin |
| 13:34 | Resistant Skin |
| 13:38 | Trueshot Aura |
| 13:52 | Mountain Giant |
41 units @ 6.8k
/ 0.7k
23 buildings @ 3.6k
/ 1.4k


| Healing Salve | 3 | 300 |
| Scroll of Speed | 1 | 50 |
| Lesser Clarity Potion | 3 | 210 |
| Scroll of Healing | 1 | 250 |
| Potion of Lesser Invulnerability | 1 | 150 |
| total: | 9 | 960g |
| Peon | 7 | 525 | / | 0 |
| Grunt | 10 | 2000 | / | 0 |
| Raider | 6 | 1080 | / | 240 |
| Spirit Walker | 3 | 585 | / | 105 |
| Kodo Beast | 1 | 255 | / | 60 |
| total: | 27 | 4445g | / | 405w |
| Watch Tower | 1 | 110 | / | 80 |
| Altar of Storms | 1 | 180 | / | 50 |
| Orc Burrow | 5 | 800 | / | 200 |
| Barracks | 1 | 180 | / | 50 |
| Voodoo Lounge | 1 | 130 | / | 30 |
| War Mill | 1 | 205 | / | 0 |
| Beastiary | 1 | 145 | / | 140 |
| Tauren Totem | 2 | 270 | / | 310 |
| Stronghold | 1 | 315 | / | 190 |
| total: | 13 | 2020g | / | 860w |
| 0:01 | Peon |
| 0:06 | Altar of Storms |
| 0:11 | Peon |
| 0:16 | Orc Burrow |
| 0:19 | Peon |
| 0:36 | Barracks |
| 0:44 | Peon |
| 0:53 | Peon |
| 1:14 | Peon |
| 1:28 | Orc Burrow |
| 1:38 | Grunt |
| 1:48 | Peon |
| 1:58 | Voodoo Lounge |
| 2:07 | Wind Walk |
| 2:24 | Grunt |
| 3:08 | Stronghold |
| 3:08 | Grunt |
| 3:44 | Grunt |
| 3:48 | Orc Burrow |
| 4:08 | War Mill |
| 4:37 | Grunt |
| 5:33 | Beastiary |
| 5:44 | Tauren Totem |
| 6:08 | Grunt |
| 6:37 | Serpent Ward |
| 6:57 | Healing Salve |
| 7:24 | Raider |
| 7:25 | Ensnare |
| 7:29 | Tauren Totem |
| 7:46 | Critical Strike |
| 7:56 | Steel Melee Weapons |
| 7:57 | Grunt |
| 7:59 | Scroll of Speed |
| 7:59 | Healing Salve |
| 8:04 | Lesser Clarity Potion |
| 8:23 | Raider |
| 8:24 | Berserker Strength |
| 8:42 | Orc Burrow |
| 9:24 | Grunt |
| 9:24 | Raider |
| 9:55 | Spirit Walker |
| 9:55 | Spirit Walker Adept Training |
| 9:59 | Healing Salve |
| 9:59 | Lesser Clarity Potion |
| 10:00 | Lesser Clarity Potion |
| 10:11 | Kodo Beast |
| 10:14 | Grunt |
| 10:37 | Healing Wave |
| 10:41 | Spirit Walker Master Training |
| 10:42 | Spirit Walker |
| 10:54 | Raider |
| 11:30 | Orc Burrow |
| 11:31 | Thorium Melee Weapons |
| 11:54 | Wind Walk |
| 11:58 | Potion of Lesser Invulnerability |
| 12:01 | Scroll of Healing |
| 12:24 | Watch Tower |
| 12:29 | Steel Armor |
| 13:52 | Grunt |
| 13:53 | Raider |
| 13:54 | Spirit Walker |
| 13:56 | Healing Wave |
| 14:19 | Raider |



| Rod of Necromancy | 2 | 300 |
| Orb of Corruption | 1 | 375 |
| Dust of Appearance | 1 | 75 |
| Scroll of Healing | 1 | 250 |
| total: | 5 | 1000g |
| Acolyte | 2 | 150 | / | 0 |
| Ghoul | 3 | 360 | / | 0 |
| Crypt Fiend | 5 | 1075 | / | 200 |
| Obsidian Statue | 4 | 800 | / | 140 |
| total: | 14 | 2385g | / | 340w |
| Crypt | 1 | 200 | / | 50 |
| Altar of Darkness | 1 | 180 | / | 50 |
| Ziggurat | 5 | 750 | / | 250 |
| Tomb of Relics | 1 | 130 | / | 30 |
| Graveyard | 1 | 215 | / | 0 |
| Slaughterhouse | 1 | 140 | / | 135 |
| Halls of the Dead | 1 | 320 | / | 210 |
| Black Citadel | 1 | 325 | / | 230 |
| total: | 10 | 1615g | / | 515w |
| 0:02 | Acolyte |
| 0:07 | Crypt |
| 0:10 | Altar of Darkness |
| 0:24 | Ziggurat |
| 0:32 | Acolyte |
| 0:53 | Tomb of Relics |
| 1:09 | Ghoul |
| 1:25 | Ghoul |
| 1:52 | Ghoul |
| 2:07 | Graveyard |
| 2:25 | Halls of the Dead |
| 2:46 | Death Coil |
| 2:47 | Rod of Necromancy |
| 3:21 | Ziggurat |
| 3:51 | Crypt Fiend |
| 3:53 | Creature Attack |
| 4:17 | Crypt Fiend |
| 4:54 | Black Citadel |
| 5:15 | Crypt Fiend |
| 5:44 | Ziggurat |
| 5:53 | Rod of Necromancy |
| 5:55 | Frost Nova |
| 5:57 | Dust of Appearance |
| 6:08 | Unholy Aura |
| 6:39 | Crypt Fiend |
| 6:47 | Slaughterhouse |
| 6:49 | Ziggurat |
| 7:59 | Dark Ritual |
| 8:13 | Obsidian Statue |
| 8:30 | Orb of Corruption |
| 8:32 | Impale |
| 8:38 | Obsidian Statue |
| 9:17 | Death Coil |
| 10:00 | Obsidian Statue |
| 10:02 | Ziggurat |
| 10:03 | Improved Creature Attack |
| 10:04 | Crypt Fiend |
| 10:49 | Obsidian Statue |
| 10:51 | Web |
| 10:52 | Creature Carapace |
| 11:25 | Spiked Carapace |
| 11:26 | Frost Nova |
| 11:44 | Destroyer Form |
| 12:05 | Scroll of Healing |
| 13:55 | Unholy Aura |
| 14:17 | Impale |